 Dungeon Crawl Stone Soup version 0.31.0-11-ge490571c62 (webtiles) character file.

Game seed: 6123318911320064304

13687 qw the Nimble (level 11, -9/55 HPs)
             Began as a Spriggan Hunter on Feb 4, 2024.
             Was a Priest of Okawaru.
             Mangled by an alligator (21 damage)
             ... on level 1 of the Lair of Beasts.
             The game lasted 00:00:52 (8224 turns).

qw the Nimble (Spriggan Hunter)                     Turns: 8224, Time: 00:00:53

Health: -9/55      AC:  8    Str:  7    XL:     11   Next: 78%
Magic:  10/16      EV: 31    Int: 11    God:    Okawaru [***...]
Gold:   125        SH:  0    Dex: 23    Spells: 10/10 levels left

rFire   . . .        f - +3 arbalest (freeze)
rCold   . . .        (shield currently unavailable)
rNeg    . . .        k - +1 steam dragon scales
rPois   +            (helmet restricted)
rElec   .            j - +1 cloak
rCorr   .            (gloves unavailable)
SInv    +            (boots unavailable)
Will    +....        (no amulet)
Stlth   ++           m - ring of poison resistance
HPRegen 0.29/turn    (no ring)
MPRegen 0.15/turn

%: no passive effects
@: finesse-ful, slowed, quick
A: very small, no large weapons, unfitting armour, see invisible, speed 3
a: Renounce Religion, Heroism


You were on level 1 of the Lair of Beasts.
You worshipped Okawaru.
Okawaru was most pleased with you.
You visited 3 branches of the dungeon, and saw 11 of its levels.

You collected 554 gold pieces.
You spent 429 gold pieces at shops.


Innate Abilities, Weirdness & Mutations

You are very small and have problems with some larger weapons.
You are too small for most types of armour.
You have supernaturally acute eyesight. (SInv)
You cover ground extremely quickly. (Speed+++)


   Skills:
 - Level 5.0 Fighting
 + Level 13.6 Ranged Weapons
 - Level 1.3 Armour
 - Level 14.0 Dodging
 - Level 1.5 Stealth
 + Level 6.6 Invocations


You had 10 spell levels left.
You didn't know any spells.
Your spell library was empty.

Inventory:

Hand Weapons
 f - a +3 arbalest of freezing (weapon)
Armour
 j - a +1 cloak (worn)
 k - +1 steam dragon scales (worn)
Jewellery
 m - a ring of poison resistance (left hand)
 n - the amulet "Quhim" {Spirit ^Drain rPois Str+4 Stlth+}
   (You acquired it on level 8 of the Dungeon)

   [amulet of guardian spirit]

   Spirit:    It causes incoming damage to be divided between your reserves of
   health and magic.
   Str+4:     It affects your strength (+4).
   rPois:     It protects you from poison ^Drain: It drains your maximum health
   when unequipped.
   Stlth+:    It makes you more stealthy.
Wands
 c - a wand of digging (5)
 l - a wand of paralysis (13)
 p - a wand of quicksilver (7)
 s - a wand of iceblast (1)
Scrolls
 d - a scroll of identify
 e - a scroll of summoning {unknown}
Potions
 a - 5 potions of resistance
 b - 5 potions of curing
 g - 4 potions of mutation
 h - a potion of invisibility {unknown}
 i - a potion of haste
 o - 3 potions of magic
 q - a potion of ambrosia {unknown}
 r - a potion of might {unknown}

Dungeon Overview and Level Annotations

Branches:
Dungeon (9/15)             Temple (1/1) D:6            Lair (1/5) D:9
    Orc: D:9-12

Altars:
Ashenzari
Cheibriados
Dithmenos
Elyvilon
Fedhas
Gozag
Hepliaklqana
Kikubaaqudgha
Makhleb
Nemelex Xobeh
Okawaru
Qazlal
Ru
Sif Muna
Trog
Uskayaw
Vehumet
Wu Jian
Xom
Yredelemnul
Zin
The Shining One

Shops:
D:9 (:*![*


Message History

You shoot a bolt. The bolt hits the alligator.
The bolt freezes the alligator.
The alligator is lightly wounded.
The alligator closely misses you. x2
Being near the torpor snail leaves you feeling lethargic.
Enter note:
Enter note:
Enter note:
Enter note:
8218 ||| RETREEEEATING.
You shoot a bolt. The bolt closely misses the alligator.
Your hands slow down.
The alligator barely misses you. The alligator completely misses you.
Enter note:
Enter note:
Enter note:
Enter note:
8220 ||| RETREEEEATING.
The alligator attacks as it pursues you!
The alligator closely misses you. The alligator misses you.
Enter note:
Enter note:
Enter note:
Enter note:
8221 ||| RETREEEEATING.
Enter note:
Enter note:
Enter note:
Enter note:
8222 ||| RETREEEEATING.
Enter note:
Enter note:
Enter note:
Enter note:
8223 ||| RETREEEEATING.
8224 ||| INVOKING Finesse.
You can now deal lightning-fast blows.
You can no longer speed up your combat.
The alligator barely misses you. The alligator completely misses you. x2
The alligator bites you!!
You die...

# ####...........## ###.~~~~~~
#####..........#...### ##.~~~~~~~
........b......P.....###~~~~~...~
......%.........>.....##.~~~.....
##........#...###..#..#....w..#..
......P.........#............##..
.................Y..........####.
.....#...%##.##.#l..w.....### #%
.....#.#.....#P.@###..##..## %.
....##...#......## ##.###..## #..
........#.......## #.......# #..
....##..##.......# #......## #.~
...............### ##....## ..~
............#### #....# ..~
......#....## #....# .#....###..#
##...# ..###.##..## ##....#


You could see a dire elephant, an alligator and a torpor snail.

Vanquished Creatures
  A hydra (Lair:1)
  A catoblepas (Lair:1)
  5 elephants (Lair:1)
  A cane toad (Lair:1)
  A komodo dragon (Lair:1)
  A troll (D:9)
  3 blink frogs (Lair:1)
  A wyvern (D:7)
  20 yaks
  3 steam dragons
  A wraith (D:5)
  An acid dragon (D:5)
  8 water moccasins
  2 sky beasts (D:6)
  An ice beast (D:5)
  5 black bears
  7 ogres
  7 centaurs
  4 wolves (Lair:1)
  3 phantoms (D:5)
  A kobold brigand (D:9)
  5 bullfrogs
  5 scorpions (D:5)
  3 wights (D:9)
  7 killer bees
  2 howler monkeys
  An electric eel (D:9)
  A bombardier beetle (D:4)
  6 jellies
  4 orc priests
  2 gnoll boudas
  5 hounds
  5 iguanas
  2 sleepcaps
  6 orc wizards
  11 gnolls
  13 adders
  5 shadow imps
  2 ufetubi
  2 ribbon worms
  4 dart slugs
  16 orcs
  3 endoplasms
  4 giant cockroaches
  4 goblins
  5 hobgoblins
  5 jackals
  3 quokkas
  7 ball pythons
  A bat (D:2)
  3 frilled lizards
  6 kobolds (D:9)
  5 rats
230 creatures vanquished.

Vanquished Creatures (others)
  5 dream sheep (D:4)
5 creatures vanquished.

Grand Total: 235 creatures vanquished

Notes
Turn   | Place    | Note
-------+----------+-------------------------------------------
     0 | D:1      | qw the Spriggan Hunter began the quest for the Orb.
     0 | D:1      | Reached XP level 1. HP: 10/10 MP: 2/2
     0 | D:1      | 0 ||| qw: Version: 0.3-a-160-g6735b56
     0 | D:1      | 0 ||| qw: Game counter: 4748
     0 | D:1      | 0 ||| qw: Melee chars always use a shield: true
     0 | D:1      | 0 ||| qw: God list: Okawaru
     0 | D:1      | 0 ||| qw: Allow faded altars: false
     0 | D:1      | 0 ||| qw: Do Orc after clearing Dungeon:15 true
     0 | D:1      | 0 ||| qw: Do second Lair branch before Depths: true
     0 | D:1      | 0 ||| qw: Lair rune preference: random
     0 | D:1      | 0 ||| qw: Goals: Normal
     0 | D:1      | 0 ||| PLANNING D:1-11
    45 | D:1      | Reached skill level 3 in Dodging
   211 | D:1      | Reached XP level 2. HP: 14/14 MP: 3/3
   291 | D:1      | Reached skill level 4 in Dodging
   342 | D:1      | Found a faded altar of an unknown god.
   403 | D:1      | 403 ||| READING scroll labelled ILIRRI XOKK.
   403 | D:1      | Identified a scroll of acquirement
   403 | D:1      | 403 ||| ACQUIRING +2 arbalest of flaming
   403 | D:1      | Acquired a +2 arbalest of flaming
   405 | D:1      | 405 ||| SWAPPING to +2 arbalest of flaming.
   406 | D:1      | 406 ||| DROPPING +0 shortbow.
   407 | D:1      | 407 ||| READING scroll labelled FUICKU RURURYRR.
   407 | D:1      | 407 ||| BRANDING +2 arbalest of flaming.
   408 | D:1      | 408 ||| DROPPING scroll of butterflies.
   475 | D:2      | Reached XP level 3. HP: 18/18 MP: 4/4
   781 | D:2      | Reached XP level 4. HP: 22/22 MP: 5/5
   820 | D:2      | 820 ||| DROPPING ring of flight.
   821 | D:2      | 821 ||| READING scroll labelled XUGOUJALEPA.
   822 | D:2      | 822 ||| READING 2 scrolls labelled DACUVV ANABANN.
   923 | D:2      | 923 ||| READING scroll labelled RIPEW YSAFFEGH.
   923 | D:2      | 923 ||| ENCHANTING +0 robe.
   924 | D:2      | 924 ||| READING scroll labelled ZAODUB TELEHI.
   924 | D:2      | 924 ||| IDENTIFYING puce potion
   925 | D:2      | 925 ||| DRINKING 2 fizzy silvery potions.
   926 | D:2      | 926 ||| DROPPING scroll of vulnerability.
   966 | D:3      | Found an ancient bone altar of Kikubaaqudgha.
  1373 | D:3      | Reached skill level 5 in Dodging
  1720 | D:3      | 1720 ||| UPGRADING to +0 cloak.
  1725 | D:3      | 1725 ||| READING 3 scrolls labelled SACREA JAKUDEL.
  1726 | D:3      | 1726 ||| DRINKING 2 green potions.
  1727 | D:3      | 1727 ||| DRINKING 3 yellow potions.
  1728 | D:3      | 1728 ||| DRINKING 2 red potions.
  1729 | D:3      | 1729 ||| DROPPING potion of brilliance.
  1730 | D:3      | 1730 ||| DROPPING 2 potions of attraction.
  1731 | D:3      | 1731 ||| DROPPING potion of magic.
  1732 | D:3      | 1732 ||| DROPPING 2 scrolls of poison.
  1734 | D:3      | 1734 ||| Stepping ~*~*~tactically~*~*~ (cloud).
  1735 | D:3      | 1735 ||| DRINKING 2 potions of curing.
  1735 | D:3      | 1735 ||| (to cure poison)
  1738 | D:3      | 1738 ||| Stepping ~*~*~tactically~*~*~ (cloud).
  1861 | D:4      | Reached XP level 5. HP: 27/27 MP: 6/6
  1899 | D:4      | Noticed a black bear
  1902 | D:4      | Killed a black bear
  2091 | D:4      | Reached skill level 6 in Ranged Weapons
  2118 | D:4      | Identified the +2 dagger of Offence {antimagic, rC+ Str+2
                  | Dex+2 SInv}
  2124 | D:4      | Noticed a dream sheep
  2124 | D:4      | Noticed a dream sheep
  2124 | D:4      | Noticed a dream sheep
  2124 | D:4      | Noticed a dream sheep
  2124 | D:4      | Noticed a dream sheep
  2124 | D:4      | Found a shimmering altar of Xom.
  2125 | D:4      | Killed a dream sheep
  2125 | D:4      | Killed a dream sheep
  2125 | D:4      | Killed a dream sheep
  2125 | D:4      | Killed a dream sheep
  2125 | D:4      | Killed a dream sheep
  2126 | D:4      | Reached skill level 6 in Dodging
  2126 | D:4      | Reached XP level 6. HP: 32/32 MP: 7/7
  2208 | D:4      | 2208 ||| FLEEEEING.
  2210 | D:4      | 2210 ||| FLEEEEING.
  2212 | D:4      | 2212 ||| FLEEEEING.
  2214 | D:4      | 2214 ||| FLEEEEING.
  2216 | D:4      | 2216 ||| FLEEEEING.
  2496 | D:4      | 2496 ||| READING scroll of identify.
  2496 | D:4      | 2496 ||| IDENTIFYING glowing red potion
  2497 | D:4      | 2497 ||| READING scroll labelled MIRAGI IVUIRE.
  2498 | D:4      | 2498 ||| READING 2 scrolls labelled GITIYN DOMN.
  2502 | D:4      | 2502 ||| DROPPING potion of degeneration.
  2520 | D:5      | Entered Level 5 of the Dungeon
  2611 | D:5      | Reached XP level 7. HP: 35/35 MP: 8/8
  2746 | D:5      | Reached skill level 7 in Dodging
  2767 | D:5      | Identified the +10 long sword "Mifapnato" {spect, rC++
                  | Will+ MP+9}
  3126 | D:5      | 3126 ||| READING scroll of identify.
  3126 | D:5      | 3126 ||| IDENTIFYING lumpy grey potion
  3127 | D:5      | 3127 ||| READING scroll labelled ZETHOU MAUJ.
  3128 | D:5      | 3128 ||| READING scroll labelled MIYFOEQORPH.
  3144 | D:5      | Reached skill level 3 in Fighting
  3144 | D:5      | Reached XP level 8. HP: 32/40 MP: 9/9
  3144 | D:5      | 3144 ||| FLEEEEING.
  3179 | D:5      | 3179 ||| RETREEEEATING.
  3181 | D:5      | 3181 ||| RETREEEEATING.
  3183 | D:5      | 3183 ||| RETREEEEATING.
  3193 | D:5      | Reached skill level 8 in Dodging
  3196 | D:5      | 3196 ||| FLEEEEING.
  3198 | D:5      | 3198 ||| FLEEEEING.
  3233 | D:5      | Reached skill level 9 in Ranged Weapons
  3244 | D:5      | 3244 ||| FLEEEEING.
  3245 | D:5      | 3245 ||| FLEEEEING.
  3247 | D:5      | 3247 ||| FLEEEEING.
  3250 | D:5      | Reached skill level 9 in Dodging
  3387 | D:5      | Reached XP level 9. HP: 44/44 MP: 10/10
  3676 | D:5      | 3676 ||| READING scroll of identify.
  3676 | D:5      | 3676 ||| IDENTIFYING lumpy pink potion
  3677 | D:5      | 3677 ||| READING scroll labelled ATAALI HO ENOE.
  3801 | D:6      | Found a shadowy altar of Dithmenos.
  3804 | D:6      | Reached skill level 10 in Dodging
  3807 | D:6      | Found a bloodstained altar of Trog.
  4005 | D:6      | Found a basalt altar of Yredelemnul.
  4007 | D:6      | Noticed a profane servitor
  4012 | D:6      | Found a glowing golden altar of the Shining One.
  4014 | D:6      | Noticed an angel
  4122 | D:6      | Found a stormy altar of Qazlal.
  4278 | D:6      | Found a sparkling altar of Nemelex Xobeh.
  4284 | D:6      | Identified the +0 trident of Qumno {drain, rPois Int+2}
  4392 | D:6      | Reached skill level 11 in Dodging
  4469 | D:6      | 4469 ||| READING scroll of enchant armour.
  4469 | D:6      | 4469 ||| ENCHANTING +0 cloak.
  4547 | D:6      | Found a burning altar of Makhleb.
  4586 | D:6      | Found a staircase to the Ecumenical Temple.
  4587 | D:6      | 4587 ||| PLANNING TEMPLE
  4587 | D:6      | 4587 ||| READING scroll of identify.
  4587 | D:6      | 4587 ||| IDENTIFYING sedimented brown potion
  4588 | D:6      | 4588 ||| READING scroll labelled YFREMA YMENA.
  4594 | Temple   | Entered the Ecumenical Temple
  4595 | Temple   | 4595 ||| PLANNING OKAWARU WORSHIP
  4606 | Temple   | Became a worshipper of Warmaster Okawaru
  4607 | Temple   | 4607 ||| PLANNING D:1-11
  4844 | D:7      | 4844 ||| STAIRDANCE
  4893 | D:7      | 4893 ||| STAIRDANCE
  4910 | D:7      | 4910 ||| STAIRDANCE
  4973 | D:7      | 4973 ||| STAIRDANCE
  4979 | D:7      | 4979 ||| STAIRDANCE
  4979 | D:7      | HP: 11/45 [steam dragon] (12)]
  5108 | D:7      | 5108 ||| STAIRDANCE
  5113 | D:7      | 5113 ||| Stepping ~*~*~tactically~*~*~ (cloud).
  5211 | D:7      | Reached skill level 12 in Dodging
  5223 | D:7      | 5223 ||| READING scroll of brand weapon.
  5223 | D:7      | 5223 ||| BRANDING +2 arbalest of draining.
  5292 | D:7      | Reached XP level 10. HP: 50/50 MP: 11/11
  5424 | D:7      | 5424 ||| UPGRADING to +0 steam dragon scales.
  5434 | D:7      | 5434 ||| DROPPING +1 robe.
  5435 | D:7      | 5435 ||| UPGRADING to ring of poison resistance.
  5436 | D:7      | 5436 ||| READING scroll of identify.
  5436 | D:7      | 5436 ||| IDENTIFYING fizzy grey potion
  5437 | D:7      | 5437 ||| READING scroll labelled KIEVOOS ARUXT.
  5437 | D:7      | 5437 ||| ENCHANTING +2 arbalest of freezing.
  5438 | D:7      | 5438 ||| DROPPING potion of lignification.
  5452 | D:8      | 5452 ||| STAIRDANCE
  5461 | D:8      | 5461 ||| STAIRDANCE
  5463 | D:7      | Reached * piety under Okawaru
  5464 | D:7      | Reached skill level 1 in Armour
  5482 | D:8      | 5482 ||| RETREEEEATING.
  5484 | D:8      | Reached skill level 1 in Invocations
  5489 | D:8      | 5489 ||| RETREEEEATING.
  5653 | D:8      | Found a hazy altar of Hepliaklqana.
  5723 | D:8      | Reached skill level 3 in Invocations
  5886 | D:8      | 5886 ||| READING scroll of acquirement.
  5886 | D:8      | 5886 ||| ACQUIRING amulet "Quhim" {Spirit ^Drain rPois
                  | Str+4 Stlth+}
  5886 | D:8      | Acquired the amulet "Quhim" {Spirit ^Drain rPois Str+4
                  | Stlth+}
  6122 | D:8      | 6122 ||| READING scroll of identify.
  6122 | D:8      | 6122 ||| IDENTIFYING scroll labelled SYMEEN KACHO
  6123 | D:8      | 6123 ||| DROPPING scroll of fear.
  6140 | D:9      | 6140 ||| STAIRDANCE
  6176 | D:9      | Reached skill level 12 in Ranged Weapons
  6179 | D:9      | Reached ** piety under Okawaru
  6260 | D:9      | Found Oplick's Antique Weapon Shoppe.
  6261 | D:9      | Found Nycrafe's Assorted Antiques.
  6276 | D:9      | Found Xaporgho's Book Boutique.
  6276 | D:9      | Found Furchuca's Distillery.
  6278 | D:9      | Found Jiwnoaph's General Store.
  6278 | D:9      | Found Hutoneca's Armour Shoppe.
  6286 | D:9      | 6286 ||| BUYING 2 potions of mutation (176 gold).
  6286 | D:9      | Bought 2 potions of mutation for 176 gold pieces
  6286 | D:9      | 6286 ||| BUYING potion of heal wounds (55 gold).
  6286 | D:9      | Bought a potion of heal wounds for 55 gold pieces
  6286 | D:9      | 6286 ||| BUYING potion of magic (88 gold).
  6286 | D:9      | Bought a potion of magic for 88 gold pieces
  6286 | D:9      | 6286 ||| BUYING potion of resistance (110 gold).
  6286 | D:9      | Bought a potion of resistance for 110 gold pieces
  6293 | D:9      | 6293 ||| SHOPLISTING potion of resistance (230 gold, have
                  | 67).
  6293 | D:9      | 6293 ||| SHOPLISTING tourmaline ring (115 gold, have 67).
  6483 | D:9      | Found a white marble altar of Elyvilon.
  6640 | D:9      | Reached skill level 13 in Dodging
  6690 | D:9      | Reached XP level 11. HP: 18/55 MP: 15/15
  6701 | D:9      | Reached *** piety under Okawaru
  6817 | D:9      | Found a staircase to the Lair.
  7018 | D:9      | 7018 ||| PLANNING LAIR
  7051 | Lair:1   | Entered Level 1 of the Lair of Beasts
  7058 | Lair:1   | 7058 ||| STAIRDANCE
  7110 | Lair:1   | 7110 ||| STAIRDANCE
  7122 | D:9      | HP: 11/55 [yak (12)]
  7123 | D:9      | 7123 ||| READING 3 scrolls of teleportation.
  7124 | D:9      | 7124 ||| DRINKING 2 potions of heal wounds.
  7248 | Lair:1   | Noticed an eight-headed hydra
  7249 | Lair:1   | 7249 ||| INVOKING Heroism.
  7253 | Lair:1   | Killed an eight-headed hydra
  7337 | Lair:1   | 7337 ||| RETREEEEATING.
  7338 | Lair:1   | 7338 ||| RETREEEEATING.
  7339 | Lair:1   | 7339 ||| RETREEEEATING.
  7340 | Lair:1   | Reached **** piety under Okawaru
  7344 | Lair:1   | 7344 ||| RETREEEEATING.
  7355 | Lair:1   | 7355 ||| FLEEEEING.
  7356 | Lair:1   | 7356 ||| FLEEEEING.
  7357 | Lair:1   | 7357 ||| FLEEEEING.
  7358 | Lair:1   | 7358 ||| FLEEEEING.
  7359 | Lair:1   | 7359 ||| FLEEEEING.
  7360 | Lair:1   | 7360 ||| FLEEEEING.
  7362 | Lair:1   | 7362 ||| FLEEEEING.
  7363 | Lair:1   | 7363 ||| FLEEEEING.
  7364 | Lair:1   | 7364 ||| FLEEEEING.
  7367 | Lair:1   | 7367 ||| FLEEEEING.
  7368 | Lair:1   | 7368 ||| FLEEEEING.
  7369 | Lair:1   | 7369 ||| FLEEEEING.
  7372 | Lair:1   | 7372 ||| FLEEEEING.
  7373 | Lair:1   | 7373 ||| FLEEEEING.
  7374 | Lair:1   | 7374 ||| FLEEEEING.
  7375 | Lair:1   | 7375 ||| FLEEEEING.
  7554 | Lair:1   | 7554 ||| RETREEEEATING.
  7558 | Lair:1   | 7558 ||| RETREEEEATING.
  7559 | Lair:1   | 7559 ||| RETREEEEATING.
  7560 | Lair:1   | 7560 ||| RETREEEEATING.
  7561 | Lair:1   | 7561 ||| RETREEEEATING.
  7562 | Lair:1   | 7562 ||| RETREEEEATING.
  7564 | Lair:1   | 7564 ||| RETREEEEATING.
  7566 | Lair:1   | 7566 ||| RETREEEEATING.
  7571 | Lair:1   | 7571 ||| RETREEEEATING.
  7578 | Lair:1   | Reached skill level 14 in Dodging
  7589 | Lair:1   | 7589 ||| INVOKING Finesse.
  7590 | Lair:1   | 7590 ||| INVOKING Heroism.
  7627 | Lair:1   | 7627 ||| FLEEEEING.
  7628 | Lair:1   | 7628 ||| FLEEEEING.
  7629 | Lair:1   | 7629 ||| FLEEEEING.
  7630 | Lair:1   | 7630 ||| FLEEEEING.
  7632 | Lair:1   | 7632 ||| FLEEEEING.
  7642 | Lair:1   | HP: 5/55 [elephant (14)]
  7643 | Lair:1   | 7643 ||| READING 2 scrolls of teleportation.
  7643 | Lair:1   | HP: 1/55 [elephant (4)]
  7644 | Lair:1   | 7644 ||| DRINKING potion of heal wounds.
  7648 | Lair:1   | 7648 ||| READING scroll of teleportation.
  7650 | Lair:1   | HP: 4/55 [elephant (1)]
  7854 | Lair:1   | Reached skill level 6 in Invocations
  7910 | Lair:1   | Noticed a catoblepas
  7911 | Lair:1   | 7911 ||| INVOKING Finesse.
  7932 | Lair:1   | 7932 ||| INVOKING Finesse.
  7938 | Lair:1   | Killed a catoblepas
  8158 | Lair:1   | 8158 ||| READING scroll of enchant armour.
  8158 | Lair:1   | 8158 ||| ENCHANTING +0 steam dragon scales.
  8194 | Lair:1   | Noticed a dire elephant
  8195 | Lair:1   | 8195 ||| RETREEEEATING.
  8196 | Lair:1   | 8196 ||| INVOKING Finesse.
  8197 | Lair:1   | Noticed an alligator
  8198 | Lair:1   | 8198 ||| RETREEEEATING.
  8203 | Lair:1   | 8203 ||| RETREEEEATING.
  8204 | Lair:1   | 8204 ||| RETREEEEATING.
  8206 | Lair:1   | 8206 ||| RETREEEEATING.
  8208 | Lair:1   | 8208 ||| RETREEEEATING.
  8210 | Lair:1   | 8210 ||| RETREEEEATING.
  8211 | Lair:1   | 8211 ||| RETREEEEATING.
  8212 | Lair:1   | 8212 ||| RETREEEEATING.
  8212 | Lair:1   | HP: 10/55 [alligator (20)]
  8213 | Lair:1   | 8213 ||| RETREEEEATING.
  8214 | Lair:1   | 8214 ||| RETREEEEATING.
  8215 | Lair:1   | 8215 ||| RETREEEEATING.
  8218 | Lair:1   | 8218 ||| RETREEEEATING.
  8220 | Lair:1   | 8220 ||| RETREEEEATING.
  8221 | Lair:1   | 8221 ||| RETREEEEATING.
  8222 | Lair:1   | 8222 ||| RETREEEEATING.
  8223 | Lair:1   | 8223 ||| RETREEEEATING.
  8224 | Lair:1   | 8224 ||| INVOKING Finesse.
  8224 | Lair:1   | Mangled by an alligator

Levels and vault maps discovered:
D:1:      giann_bridges, layout_rooms, hellmonk_ecumenical_altar_inner_sanctum,
          dreamdust_princess_corridor
D:2:      layout_rooms
D:3:      layout_loops_corners, nicolae_overflow_crystal_walls
D:4:      layout_cave_pods, kb_xom_exploding_sheep
D:5:      kennysheep_windowed_halls, layout_loops_ring, grunt_ministairs_13,
          hangedman_minor_gate_pass
D:6:      minmay_bubble_buster, layout_basic, grunt_temple_overflow_holy_war,
          mainiacjoe_overflow_alcove_1, kennysheep_little_box,
          gammafunk_temple_overflow_forgotten, minmay_temple_entry_butterflies
D:7:      layout_rooms
D:8:      layout_rooms, mainiacjoe_overflow_small_starburst,
          dreamdust_mushroom_princess, nicolae_zen_rock_garden,
          roderic_lattice_a
D:9:      layout_roguey, nicolae_elyvilon_temple_path, lair_entry_dummy,
          enter_bailey_4, nicolae_wooded_promenade
Temple:   nicolae_temple_bog_church
Lair:1:   layout_misc_corridors, nicolae_lair_lakeside_cave, lemuel_fruit_fields

Skill      XL: |  1  2  3  4  5  6  7  8  9 10 11 |
---------------+----------------------------------+-----
Dodging        | 3 4 5 6 7 9 12 13 14 | 14.0
Ranged Weapons | 5 6 8 10 11 12 13 | 13.6
Fighting       | 2 3 4 5 |  5.0
Armour         | 1 |  1.3
Invocations    | 4 6 |  6.6
Stealth        | |  1.5

Action                     |  1- 3 |  4- 6 |  7- 9 | 10-12 || total
---------------------------+-------+-------+-------+-------++-------
   Fire: Shortbow          |    48 |       |       |       ||    48
         Arbalest          |    11 |    59 |   199 |   273 ||   542
 Invoke: Finesse           |       |       |       |     5 ||     5
         Heroism           |       |       |       |     2 ||     2
    Use: Scroll            |     2 |     8 |     9 |     8 ||    27
         Potion            |       |     5 |       |     2 ||     7
 Armour: Robe              |     4 |     1 |    41 |       ||    46
         Steam dragon scal |       |       |       |    63 ||    63
  Dodge: Dodged            |     6 |     5 |   166 |   252 ||   429

Table legend:
 A = Non-vault XP
 B = Vault XP
 C = Vault XP percentage of total XP
 D = Non-vault monster count
 E = Vault monster count
 F = Vault count percentage of total count
                 A         B        C        D         E       F
            +---------+---------+-------+---------+---------+-------
      Total |   16240 |    3314 |  16.9 |     177 |      54 |  23.4
            +---------+---------+-------+---------+---------+-------
        D:1 |      34 |       0 |   0.0 |      18 |       0 |   0.0
        D:2 |      65 |       0 |   0.0 |      11 |       0 |   0.0
        D:3 |      68 |       0 |   0.0 |      11 |       0 |   0.0
        D:4 |     484 |       0 |   0.0 |      15 |       0 |   0.0
        D:5 |     587 |    1950 |  76.9 |      10 |      30 |  75.0
        D:6 |    1077 |     863 |  44.5 |      21 |      15 |  41.7
        D:7 |    1168 |       0 |   0.0 |      17 |       0 |   0.0
        D:8 |    1595 |       0 |   0.0 |      15 |       0 |   0.0
        D:9 |    4006 |      13 |   0.3 |      37 |       5 |  11.9
     Lair:1 |    7156 |     488 |   6.4 |      22 |       4 |  15.4
            +---------+---------+-------+---------+---------+-------
